AoeStats
← killinserotonin

Arabia

509818688Analyzed
4v4 RM · 3d ago on Sep 28, 2026· 90m 37s· 8 players
Game mode
Random Map
Map size
Large (8 player)
Population
200
Speed
Normal
Resources
Standard
Victory
Conquest
Starting age
Dark Age
Ending age
Imperial Age
RankedLock teamsTeams togetherTeam positionsShared explorationLock speedFull tech treeHidden civsTurbo modeCheats
Victory
Defeat
🇨🇳 Teutons · China
1044
+16
🇨🇳 Magyars · China
979
+18
🇺🇸 Turks · United States
950
+19
🇲🇽 Huns · Mexico
938
+20
🇺🇸 Magyars · United States
1104
-21
🇺🇸 Danes · United States
1049
-19
🇲🇽 Tupi · Mexico
987
-17
🇲🇽 Malay · Mexico
969
-16
BLOO
5:32 Loom
10:30 Feudal Age
11:21 Double-Bit Axe
18:33 Horse Collar
22:59 Castle Age
21:48 Stone Mining
21:49 Gold Mining
24:06 Bow Saw
23:58 Heavy Plow
24:17 Bloodlines
24:19 Fletching
25:30 Bodkin Arrow
27:14 Ballistics
31:20 Padded Archer Armor
32:34 Leather Archer Armor
36:33 Scale Mail Armor
36:30 Guard Tower
37:10 Forging
41:26 Wheelbarrow
46:20 Imperial Age
48:51 Chain Mail Armor
49:29 Chain Mail Armor
52:33 Arrowslits
53:37 Elite Jomsviking
54:57 Plate Mail Armor
54:34 Capped Ram
56:29 Iron Casting
55:52 Siege Ram
57:29 Hand Cart
57:01 Town Watch
58:23 Hoardings
62:58 Pikeman
63:40 Squires
67:08 Scale Barding Armor
70:08 Keep
70:34 Chemistry
69:02 Light Cavalry
69:42 Husbandry
69:10 Halberdier
70:22 Caravan
71:51 Elite Skirmisher
72:37 Thumb Ring
73:27 Bracer
74:28 Blast Furnace
78:21 Chain Barding Armor
78:32 Ring Archer Armor
80:05 Conscription
81:08 Hamask
89:02 Chemistry
88:36 Arson
89:52 Gambesons
killinserotonin
7:38 Loom
10:20 Feudal Age
10:57 Double-Bit Axe
17:26 Horse Collar
22:05 Castle Age
20:21 Gold Mining
20:53 Scale Barding Armor
20:48 Horse Collar
21:28 Bloodlines
23:13 Bow Saw
24:34 Chain Barding Armor
24:46 Husbandry
28:55 Wheelbarrow
28:06 Town Watch
33:09 Imperial Age
32:49 Hand Cart
35:23 Herbal Medicine
36:14 Cavalier
37:31 Plate Barding Armor
36:47 Fletching
37:06 Heavy Plow
38:05 Conscription
42:17 Paladin
47:42 Light Cavalry
48:56 Hussar
50:31 Bodkin Arrow
51:16 Crop Rotation
59:37 Two-Man Saw
58:10 Elite Skirmisher
58:52 Bracer
58:52 Padded Archer Armor
67:23 Caravan
67:40 Leather Archer Armor
67:49 Ballistics
68:30 Chemistry
69:32 Thumb Ring
73:47 Gold Shaft Mining
74:52 Ring Archer Armor
75:50 Parthian Tactics
danny dillinger
8:22 Loom
10:36 Feudal Age
11:14 Double-Bit Axe
11:21 Stone Mining
14:21 Horse Collar
20:35 Castle Age
18:19 Champi Runner
19:17 Arson
19:41 Gold Mining
20:54 Forging
20:45 Scale Mail Armor
21:36 Fletching
21:12 Champi Warrior
21:56 Squires
23:12 Bow Saw
25:28 Bodkin Arrow
25:34 Padded Archer Armor
27:19 Leather Archer Armor
28:49 Ballistics
28:26 Murder Holes
34:19 Imperial Age
34:42 Wheelbarrow
33:53 Town Watch
34:54 Elite Blackwood Archer
39:21 Pikeman
39:29 Elite Ibirapema Warrior
43:07 Hand Cart
42:16 Halberdier
43:37 Iron Casting
43:18 Chain Mail Armor
43:03 Bracer
44:16 Conscription
47:00 Curare
50:00 Plate Mail Armor
50:01 Ring Archer Armor
55:05 Elite Champi Warrior
69:10 Caravan
73:05 Heavy Plow
74:07 Two-Man Saw
73:43 Gold Shaft Mining
79:28 Capped Ram
79:31 Onager
86:36 Capped Ram
LV Chris R7
3:13 Loom
12:54 Feudal Age
20:06 Castle Age
20:03 Double-Bit Axe
24:42 Horse Collar
26:10 Bow Saw
31:37 Wheelbarrow
35:35 Imperial Age
33:59 Forging
35:12 Heavy Plow
36:22 Forced Levy
37:15 Crop Rotation
37:10 Man-at-Arms
37:51 Squires
37:36 Arson
38:45 Iron Casting
38:01 Long Swordsman
39:18 Two-Handed Swordsman
41:55 Blast Furnace
41:42 Pikeman
42:29 Halberdier
75:36 Onager
Fatty
10:33 Feudal Age
11:16 Loom
11:42 Double-Bit Axe
11:41 Horse Collar
20:57 Castle Age
21:58 Bow Saw
21:50 Heavy Plow
24:58 Wheelbarrow
26:16 Forging
29:31 Town Watch
30:41 Stone Mining
31:09 Squires
34:08 Husbandry
38:17 Imperial Age
36:31 Scale Barding Armor
37:02 Iron Casting
37:42 Bloodlines
37:56 Ballistics
37:49 Fortified Wall
40:08 Ballistics
40:00 Masonry
40:26 Conscription
43:05 Hand Cart
44:53 Fletching
45:03 Padded Archer Armor
45:33 Caravan
49:44 Town Patrol
52:51 Murder Holes
56:16 Hoardings
55:48 Scale Mail Armor
57:06 Elite Janissary
58:42 Thumb Ring
58:36 Sappers
61:45 Two-Man Saw
61:49 Bodkin Arrow
62:10 Leather Archer Armor
63:06 Bracer
67:36 Artillery
68:51 Chain Barding Armor
69:33 Blast Furnace
69:03 Ring Archer Armor
71:48 Plate Barding Armor
71:32 Gold Mining
74:51 Chain Mail Armor
77:31 Plate Mail Armor
78:28 Capped Ram
85:23 Siege Ram
89:08 Gold Shaft Mining
dafr1997
6:51 Loom
9:14 Feudal Age
10:05 Double-Bit Axe
16:10 Wheelbarrow
19:23 Castle Age
18:44 Horse Collar
19:06 Fletching
19:06 Town Watch
20:51 Bow Saw
20:41 Gold Mining
21:52 Bodkin Arrow
25:03 Ballistics
25:36 Bloodlines
25:27 Husbandry
26:33 Padded Archer Armor
28:05 Town Patrol
29:33 Leather Archer Armor
31:06 Gold Shaft Mining
31:04 Hand Cart
32:07 Fervor
32:34 Thumb Ring
35:39 Pikeman
36:20 Squires
36:21 Scale Mail Armor
36:32 Forging
37:07 Sanctity
41:58 Imperial Age
39:56 Elite Skirmisher
41:08 Light Cavalry
42:27 Iron Casting
42:07 Chain Mail Armor
41:58 Scale Barding Armor
43:04 Conscription
42:23 Hussar
48:00 Chemistry
46:22 Heavy Cavalry Archer
47:39 Parthian Tactics
47:43 Chain Barding Armor
47:38 Arson
48:36 Stone Mining
52:15 Two-Man Saw
51:25 Heavy Plow
54:47 Marauders
54:08 Elite Tarkan
58:46 Murder Holes
59:02 Masonry
63:57 Caravan
63:58 Halberdier
68:58 Blast Furnace
68:33 Plate Barding Armor
69:02 Bracer
noob9527
7:33 Loom
10:30 Feudal Age
12:08 Double-Bit Axe
17:13 Castle Age
18:42 Bow Saw
19:08 Horse Collar
21:43 Bloodlines
23:45 Wheelbarrow
24:11 Heavy Plow
25:54 Gold Mining
27:02 Stone Mining
28:05 Scale Barding Armor
30:48 Chain Barding Armor
30:39 Forging
37:00 Imperial Age
36:17 Hand Cart
36:46 Iron Casting
37:08 Cavalier
38:42 Plate Barding Armor
38:52 Stone Shaft Mining
39:34 Paladin
41:14 Crop Rotation
41:39 Devotion
43:38 Fortified Wall
43:38 Masonry
45:21 Two-Man Saw
49:00 Blast Furnace
47:51 Fletching
48:02 Padded Archer Armor
48:51 Squires
48:36 Gambesons
48:16 Pikeman
49:02 Scale Mail Armor
49:40 Arson
50:27 Conscription
51:12 Masonry
51:34 Halberdier
53:42 Chemistry
53:50 Fletching
54:00 Padded Archer Armor
54:25 Ballistics
54:36 Ironclad
56:01 Caravan
56:11 Bodkin Arrow
56:31 Leather Archer Armor
56:36 Man-at-Arms
58:13 Bombard Tower
57:59 Siege Engineers
57:55 Long Swordsman
59:48 Coinage
59:28 Guilds
59:19 Capped Ram
59:28 Two-Handed Swordsman
60:33 Chain Mail Armor
61:00 Champion
73:20 Banking
90:22 Elite Teutonic Knight
91:38 Hoardings
子薄
11:51 Feudal Age
11:24 Loom
12:51 Double-Bit Axe
15:20 Castle Age
17:59 Bow Saw
18:15 Horse Collar
23:55 Wheelbarrow
25:09 Heavy Plow
25:27 Stone Mining
25:28 Gold Mining
27:37 Man-at-Arms
27:39 Pikeman
29:28 Hand Cart
31:33 Gold Shaft Mining
34:14 Imperial Age
31:30 Loom
32:11 Corvinian Army
34:32 Bloodlines
34:23 Husbandry
34:38 Scale Barding Armor
36:17 Two-Man Saw
36:09 Conscription
35:16 Cavalier
36:20 Chain Barding Armor
36:52 Paladin
38:22 Plate Barding Armor
37:13 Elite Magyar Huszar
41:47 Crop Rotation
52:52 Heavy Scorpion
59:08 Light Cavalry
77:02 Hussar
Connection lost

Rejoining the realm…

Still unreachable

The connection could not be restored.

Session expired

The server has moved on; the page needs a fresh start.